 Dungeon Crawl Stone Soup version 0.20-a0 (webtiles) character file.

194 Capuchin the Skirmisher (level 5, 0/42 HPs)
             Began as a Demonspawn Fighter on Oct 27, 2016.
             Slain by an orc priest
             ... wielding a +0 war axe
              (3 damage)
             ... on level 4 of the Dungeon.
             The game lasted 00:06:38 (2450 turns).

Capuchin the Skirmisher (Demonspawn Fighter)        Turns: 2450, Time: 00:06:40

Health: 0/42       AC:  6    Str: 17    XL:     5   Next: 44%
Magic:  5/5        EV:  8    Int: 10    God:
Gold:   108        SH:  9    Dex: 12    Spells: 0 memorised, 4 levels left

rFire  + . .     SeeInvis .     a - +0 long sword
rCold  . . .     Gourm    .     b - +0 scale mail
rNeg   . . .     Faith    .     c - +0 shield
rPois  .         Spirit   .     (no helmet)
rElec  .         Reflect  .     (no cloak)
rCorr  .         Harm     .     (no gloves)
MR     .....                    (no boots)
Stlth  ..........               (no amulet)
                                (no ring)
                                (no ring)

@: no status effects
A: fire resistance 1, powered by death 1, sturdy frame 2
a: no special abilities


You were on level 4 of the Dungeon.
You were not hungry.

You visited 1 branch of the dungeon, and saw 4 of its levels.

You collected 108 gold pieces.

Inventory:

Hand Weapons
 a - a +0 long sword (weapon)
Armour
 b - a +0 scale mail (worn)
 c - a +0 shield (worn)
Wands
 e - a wand of lightning (15/15)
Scrolls
 g - a scroll of remove curse
 i - 2 scrolls of amnesia
 l - a scroll of random uselessness {unknown}
 n - 2 scrolls of teleportation {unknown}
 o - 2 scrolls of identify
 p - a scroll of blinking
 q - 2 scrolls of noise {unknown}
Potions
 d - 2 potions of might
 k - 2 potions of curing
Comestibles
 f - 2 bread rations
 j - a meat ration
 m - a beef jerky


   Skills:
 + Level 3.8 Fighting
 + Level 3.1 Long Blades
 + Level 3.6 Armour
 + Level 3.6 Shields


You had 4 spell levels left.
You didn't know any spells.

Dungeon Overview and Level Annotations

Branches:
Dungeon (4/15)
 Temple: D:4-7

Altars:
Zin


Innate Abilities, Weirdness & Mutations

Your flesh is heat resistant. (rF+)
You regenerate a little health from kills.
Your movements are less encumbered by armour. (ER -4)


Message History

The orc priest is severely wounded.
The orc priest hits you with a war axe!
You hit the orc priest but do no damage.
The orc priest is severely wounded.
You block the orc priest's attack.
You barely miss the orc priest.
The orc priest is severely wounded.
You block the orc priest's attack.
You hit the orc priest but do no damage.
The orc priest is severely wounded.
The orc priest calls down the wrath of Beogh upon you.
Pain shoots through your body!
* * * LOW HITPOINT WARNING * * *
You closely miss the orc priest.
The orc priest is severely wounded.
The orc priest invokes the aid of Beogh against you.
Beogh smites you!
* * * LOW HITPOINT WARNING * * *
The orc priest hits you with a war axe.
You die...

#..........##.# #.#
#..........##.# #.##
#..........##.#####..#
#..................†.#
######'###.#.#.#.#..#
#..##.#######..#
##.##.# #..#
########.(..# ...#
......o@....# #.##
......##..#.# #.#
.#### #....# .#
#....... ..#.##.#
###.# .. .. .#


You could see an orc priest.

Vanquished Creatures
  A bullfrog skeleton (D:4)
  An orc wizard (D:4)
  A worker ant (D:4)
  5 adders
  3 worms
  2 leopard geckos
  2 orcs (D:4)
  4 ball pythons
  A giant cockroach (D:3)
  5 goblins
  6 hobgoblins
  2 jackals (D:3)
  7 kobolds
  2 quokkas
  11 bats
  3 frilled lizards
  13 rats
69 creatures vanquished.

Notes
Turn   | Place    | Note
-------+----------+-------------------------------------------
     0 | D:1      | Capuchin the Demonspawn Fighter began the quest for the Orb.
     0 | D:1      | Reached XP level 1. HP: 18/18 MP: 1/1
   268 | D:1      | Gained mutation: You regenerate a little health from kills. [demonic ancestry]
   268 | D:1      | Reached XP level 2. HP: 23/24 MP: 2/2
   976 | D:2      | Gained mutation: Your flesh is heat resistant. (rF+) [demonic ancestry]
   976 | D:2      | Reached XP level 3. HP: 29/29 MP: 3/3
  1562 | D:2      | Found a glowing silver altar of Zin.
  1860 | D:3      | Gained mutation: Your movements are slightly less encumbered by armour. (ER -2) [demonic ancestry]
  1860 | D:3      | Reached XP level 4. HP: 30/35 MP: 4/4
  2392 | D:4      | Gained mutation: Your movements are less encumbered by armour. (ER -4) [demonic ancestry]
  2392 | D:4      | Reached XP level 5. HP: 38/42 MP: 5/5
  2450 | D:4      | Slain by an orc priest

Vault maps used:
D:1:      scummos_arrival_gate
D:2:      zin_treasury
D:4:      minmay_guarded_unrand_vampires_tooth

Skill      XL: |  1  2  3  4 |
---------------+-------------+-----
Long Blades    | 2 3 |  3.1
Armour         | 3 |  3.6
Shields        | 3 |  3.6
Fighting       | |  3.8

Action                   |  1- 3 |  4- 6 || total
-------------------------+-------+-------++-------
Melee: Long sword        |   127 |   100 ||   227
  Use: Potion            |     1 |       ||     1
       Scroll            |     5 |       ||     5
  Eat: Chunk             |     3 |     2 ||     5
Armor: Scale mail        |    68 |    58 ||   126
Dodge: Dodged            |    36 |    39 ||    75
Block: Shield            |    64 |    60 ||   124
       Rpst.: Long sword |    13 |    15 ||    28
